Map: Base du roi Sejong EC

Players

HAMPENSTEIN

  • Race: Protoss Protoss
  • League: Silver
  • Spawn Location: 5:00

zidar - Winner!

  • Race: Zerg Zerg
  • League: Gold
  • Spawn Location: 11:00

VOD

Have the link to the VOD?

Description

Time

  • Played on: June 15, 2016, 2:54 p.m.
  • Length: 20:32
Show
View Real Time Build Order
Export as new Build Order

HAMPENSTEIN Protoss 

Build Orders: Nexus First 

Get SALT Encoding   

  12  0:01  Probe (Chrono Boost)  
  13  0:12  Probe (Chrono Boost)  
  14  0:20  Pylon  
  14  0:22  Probe (Chrono Boost)  
  15  0:38  Probe (Chrono Boost)  
  16  0:49  Probe (Chrono Boost)  
  17  1:01  Nexus  
  17  1:14  Gateway  
  17  1:19  Assimilator  
  17  1:23  Probe (Chrono Boost)  
  17  1:24  Assimilator  
  18  1:33  Probe (Chrono Boost)  
  19  1:44  Probe (Chrono Boost)  
  20  1:54  Probe (Chrono Boost)  
  21  2:04  Cybernetics Core  
  21  2:05  Probe (Chrono Boost)  
  21  2:07  Gateway  
  22  2:12  Zealot  
  22  2:15  Probe (Chrono Boost)  
  25  2:19  Probe (Chrono Boost)  
  26  2:25  Probe (Chrono Boost)  
  28  2:30  Probe (Chrono Boost)  
  28  2:32  Pylon  
  28  2:36  Probe (Chrono Boost)  
  29  2:41  Mothership Core (Chrono Boost)  
  31  2:48  Probe (Chrono Boost)  
  31  2:50  Warp Gate  
  32  2:58  Adept  
  34  2:59  Probe (Chrono Boost)  
  34  3:03  Adept  
  37  3:10  Probe x2 (Chrono Boost)  
  39  3:20  Probe (Chrono Boost)  
  39  3:21  Probe (Chrono Boost)  
  39  3:25  Adept  
  43  3:29  Stargate  
  43  3:30  Adept  
  43  3:31  Probe (Chrono Boost)  
  46  3:48  Pylon  
  46  3:51  Pylon  
  46  4:04  Robotics Facility  
  46  4:06  Adept x2, Probe x2 (Chrono Boost)  
  52  4:10  Pylon  
  52  4:14  Assimilator  
  52  4:17  Probe x2 (Chrono Boost)  
  52  4:18  Assimilator, Phoenix  
  56  4:28  Probe x2 (Chrono Boost)  
  58  4:35  Forge  
  58  4:38  Probe x2 (Chrono Boost)  
  60  4:43  Phoenix  
  62  4:49  Probe (Chrono Boost)  
  62  4:52  Immortal  
  67  5:00  Robotics Facility  
  67  5:09  Probe (Chrono Boost)  
  67  5:11  Protoss Ground Weapons Level 1  
  68  5:16  Forge  
  68  5:20  Probe (Chrono Boost)  
  69  5:29  Robotics Facility  
  69  5:32  Pylon  
  69  5:35  Pylon  
  69  5:50  Immortal, Phoenix  
  69  5:55  Robotics Bay  
  75  5:57  Probe (Chrono Boost)  
  75  6:00  Protoss Ground Armor Level 1  
  75  6:03  Immortal  
  80  6:13  Nexus  
  80  6:19  Pylon  
  80  6:22  Probe (Chrono Boost)  
  80  6:28  Stalker  
  80  6:30  Stalker  
  84  6:33  Probe (Chrono Boost)  
  85  6:43  Probe (Chrono Boost)  
  86  6:49  Nexus  
  86  6:52  Pylon  
  86  6:55  Pylon  
  86  7:05  Protoss Shields Level 1  
  86  7:10  Probe x2 (Chrono Boost)  
  86  7:13  Colossus  
  94  7:21  Probe x2 (Chrono Boost)  
  96  7:25  Immortal  
  100  7:32  Probe x2 (Chrono Boost)  
  102  7:44  Pylon  
  102  7:46  Pylon  
  102  7:50  Pylon  
  102  8:00  Probe x2 (Chrono Boost), Immortal, Pylon  
  102  8:01  Pylon  
  102  8:03  Pylon  
  108  8:09  Twilight Council  
  108  8:11  Colossus, Probe x2 (Chrono Boost)  
  116  8:21  Probe x2 (Chrono Boost)  
  116  8:23  Pylon  
  116  8:24  Pylon x2  
  118  8:32  Gateway  
  118  8:35  Gateway  
  118  8:40  Gateway  
  118  8:45  Colossus  
  118  8:48  Assimilator  
  124  8:52  Colossus  
  124  8:53  Assimilator  
  130  8:58  Void Ray  
  134  9:22  Nexus  
  134  9:23  Pylon  
  134  9:25  Probe (Chrono Boost), Pylon  
  134  9:27  Probe (Chrono Boost)  
  134  9:30  Extended Thermal Lance  
  136  9:33  Stalker x2  
  136  9:37  Resonating Glaives  
  136  9:38  Probe (Chrono Boost)  
  141  9:43  Colossus  
  147  9:46  Phoenix  
  147  9:48  Probe (Chrono Boost)  
  150  9:55  Probe (Chrono Boost)  
  150  9:59  Probe (Chrono Boost)  
  152  10:05  Probe (Chrono Boost)  
  152  10:06  Protoss Ground Weapons Level 2 (Chrono Boost), Protoss Ground Armor Level 2 (Chrono Boost)  
  153  10:08  Probe (Chrono Boost)  
  154  10:17  Probe  
  154  10:18  Probe  
  154  10:20  Templar Archives  
  156  10:23  Forge  
  156  10:24  Assimilator  
  156  10:28  Probe  
  156  10:29  Probe x2, Assimilator  
  156  10:34  Stalker  
  156  10:35  Stalker  
  163  10:36  Stalker x2  
  163  10:39  Probe  
  163  10:40  Adept  
  163  10:41  Probe x2  
  172  10:47  Protoss Air Armor Level 1  
  172  10:53  Probe  
  173  10:59  High Templar x2  
  173  11:02  High Templar x2  
  181  11:11  Colossus  
  181  11:15  Phoenix  
  189  11:21  Probe  
  190  11:27  Observer  
  190  11:30  Colossus  
  197  11:34  Archon x2  
  197  11:46  High Templar  
  195  12:13  High Templar x2  
  199  12:26  Archon  
  199  12:34  Fleet Beacon  
  199  12:42  Protoss Air Weapons Level 1  
  199  12:59  Protoss Ground Weapons Level 3 (Chrono Boost)  
  170  13:42  Colossus x3  
  170  13:48  Mothership Core  
  190  13:53  Protoss Shields Level 2 (Chrono Boost)  
  138  14:35  Colossus  
  106  14:38  Void Ray  
  106  14:44  High Templar  
  106  14:45  High Templar x4  
  117  14:50  Mothership  
  119  14:57  Archon  
  119  14:58  Archon  
  119  15:01  Probe  
  120  15:12  Probe  
  121  15:15  Protoss Ground Armor Level 3 (Chrono Boost)  
  121  15:21  Void Ray (Chrono Boost), Colossus  
  121  15:22  Colossus, Probe  
  121  15:26  Protoss Air Weapons Level 2 (Chrono Boost)  
  138  15:33  Colossus  
  150  15:44  Nexus  
  150  15:58  Assimilator x2  
  150  16:03  Nexus  
  150  16:04  Void Ray (Chrono Boost)  
  154  16:11  Assimilator  
  154  16:12  Assimilator  
  154  16:41  Void Ray (Chrono Boost)  
  158  17:03  Stargate  
  158  17:07  Stargate, Probe  
  158  17:09  Stargate  
  158  17:12  Cybernetics Core  
  159  17:17  Probe  
  159  17:18  Void Ray (Chrono Boost)  
  134  17:55  Void Ray (Chrono Boost)  
  97  19:10  Nexus  
  97  19:12  High Templar  
  97  19:13  High Templar x2  
  103  19:23  Stargate  
  103  19:25  Stargate  
  103  19:30  Probe  
  103  19:34  Pylon  
  103  19:36  Pylon x2  
  104  19:41  Void Ray (Chrono Boost), Probe  
  104  19:42  Pylon  
  105  19:51  Probe  
  80  20:02  Probe  
  93  20:12  Probe  
Show
View Real Time Build Order
Export as new Build Order

zidar Zerg - Winner!

Build Orders: Hatch First 

Get SALT Encoding   

  12  0:01  Drone  
  13  0:12  Overlord  
  13  0:17  Drone  
  14  0:30  Drone x2  
  16  0:54  Hatchery  
  16  0:55  Drone  
  16  1:09  Spawning Pool  
  15  1:14  Drone  
  15  1:18  Extractor, Drone  
  16  1:27  Drone  
  16  1:29  Drone  
  18  1:37  Overlord  
  18  1:47  Drone  
  19  2:00  Drone  
  20  2:12  Drone x2  
  20  2:13  Queen  
  20  2:15  Queen  
  26  2:19  Metabolic Boost  
  26  2:25  Drone x2  
  28  2:54  Roach Warren  
  28  2:58  Extractor, Drone x6  
  31  3:27  Pneumatized Carapace  
  31  3:29  Lair  
  31  3:48  Overlord x3  
  31  3:49  Drone x2  
  31  3:50  Drone x3  
  36  4:05  Hatchery  
  35  4:10  Queen  
  37  4:21  Drone x8  
  45  4:29  Drone  
  45  4:31  Drone  
  47  4:32  Evolution Chamber  
  47  4:33  Evolution Chamber  
  47  4:37  Extractor  
  44  4:39  Extractor  
  44  4:40  Drone x3  
  44  4:41  Drone  
  44  4:43  Drone  
  49  4:45  Drone  
  49  4:58  Spore Crawler  
  48  5:02  Spore Crawler  
  47  5:22  Zergling x12  
  47  5:23  Zergling x2  
  47  5:26  Zerg Ground Armor Level 1  
  47  5:27  Zerg Melee Weapons Level 1  
  54  5:31  Hydralisk Den  
  53  5:41  Overlord  
  53  5:42  Overlord x3  
  53  6:05  Muscular Augments  
  53  6:12  Drone x3, Infestation Pit  
  55  6:32  Hydralisk x7  
  57  6:34  Zergling x18  
  78  6:51  Drone x4  
  82  6:55  Overlord x4  
  82  7:20  Zerg Ground Armor Level 2  
  82  7:24  Zerg Missile Weapons Level 1  
  82  7:29  Hive  
  82  7:32  Queen  
  84  7:45  Zergling x6, Hydralisk  
  84  7:46  Hydralisk x5  
  84  7:47  Zergling x12  
  105  7:58  Hatchery  
  104  8:03  Drone  
  105  8:16  Overseer  
  105  8:19  Hatchery  
  104  8:34  Drone x8  
  104  8:35  Drone x2  
  104  8:37  Overlord x2  
  104  8:38  Overlord  
  114  8:44  Spire  
  113  8:53  Ultralisk Cavern  
  112  9:02  Drone x5  
  117  9:03  Drone x3  
  117  9:09  Extractor  
  119  9:13  Extractor  
  118  9:45  Ultralisk x4  
  142  9:46  Ultralisk  
  142  9:51  Chitinous Plating  
  148  9:55  Zerg Ground Armor Level 3  
  148  10:13  Drone x2  
  150  10:18  Zerg Melee Weapons Level 2, Adrenal Glands  
  150  10:33  Overlord  
  150  10:34  Overlord x8  
  150  10:40  Overseer x2  
  150  11:00  Ultralisk x2  
  150  11:02  Zergling x16  
  170  12:22  Ultralisk x2  
  182  12:23  Ultralisk x3  
  200  12:35  Zerg Melee Weapons Level 3  
  200  12:36  Zerg Missile Weapons Level 2  
  75  13:34  Ultralisk  
  75  13:35  Ultralisk x3  
  75  13:36  Ultralisk x2  
  75  13:37  Zergling x2  
  75  13:38  Zergling x48  
  75  13:39  Zergling x2  
  79  14:45  Hatchery  
  79  14:52  Hatchery  
  77  15:08  Ultralisk x2  
  77  15:09  Ultralisk x3  
  107  15:33  Extractor  
  107  15:35  Extractor  
  105  15:43  Hatchery  
  104  16:12  Ultralisk x2  
  104  16:13  Hydralisk x2  
  104  16:14  Hydralisk  
  104  16:16  Zergling x2  
  123  16:34  Ultralisk  
  123  16:36  Hydralisk x3  
  135  16:46  Drone x2  
  137  17:05  Hydralisk x4  
  137  17:06  Hydralisk x5  
  137  17:08  Zergling x2  
  118  18:03  Hydralisk x18  
  106  18:43  Hydralisk x11  
  116  19:23  Hydralisk  
  116  19:24  Hydralisk x9  
  116  19:27  Extractor  
  116  19:30  Extractor  
  122  20:06  Hydralisk x8  
Tags
 
Add a new tag
Caveats
  • Supply blocks, unpowered buildings, or Contaminate may cause inaccurate times.
  • Supply counts are checked every 10 seconds.